 Dungeon Crawl Stone Soup version 0.27-a0-765-ge4d627daa3 (webtiles) character file.

Game seed: 6783802453522058390

70404 sizableburger the Slicer (level 15, -1/115 HPs)
             Began as a Human Earth Elementalist on Mar 25, 2021.
             Was the Champion of Fedhas.
             Slain by a boulder beetle (5 damage)
             ... on level 13 of the Dungeon.
             The game lasted 02:42:30 (33029 turns).

sizableburger the Slicer (HuEE)                    Turns: 33029, Time: 02:42:30

Health: -1/115     AC: 19    Str: 10    XL:     15   Next: 78%
Magic:  9/27       EV: 13    Int: 21    God:    Fedhas [******]
Gold:   2262       SH:  0    Dex: 13    Spells: 0/30 levels left

rFire    + . .     SeeInvis .   t - +5 dagger (elec)
rCold    + . .     Faith    .   (no shield)
rNeg     . . .     Spirit   .   P - +2 leather armour {rPois}
rPois    +         Reflect  .   J - +2 hat
rElec    .         Harm     .   I - scarf {rC+ rF+}
rCorr    .         Rampage  .   j - +2 pair of gloves
Will     +....                  (no boots)
Stlth    +++.......             x - amulet of magic regeneration
HPRegen  0.29/turn              U - +4 ring of protection
MPRegen  0.45/turn              C - +4 ring of protection

@: very slightly contaminated, studying Translocations, invisible
A: no striking features
a: Renounce Religion, Wall of Briars, Grow Ballistomycete, Overgrow, Grow Oklob


You were on level 13 of the Dungeon.
You worshipped Fedhas.
Fedhas was exalted by your worship.
You visited 5 branches of the dungeon, and saw 24 of its levels.

You collected 2478 gold pieces.
You spent 216 gold pieces at shops.

Inventory:

Hand Weapons
 t - a +5 dagger of electrocution (weapon)
 N - the +2 falchion "Holug" {freeze, rF+++ Dex+4}
   (You found it on level 4 of the Lair of Beasts)

   It has been specially enchanted to freeze those struck by it, causing extra
   injury to most foes and up to half again as much damage against particularly
   susceptible opponents.
   It can also slow down cold-blooded creatures.
   It affects your dexterity (+4).
   It renders you almost immune to fire.
Missiles
 b - 374 stones
 n - 47 poisoned darts (quivered)
 w - 2 curare-tipped darts
Armour
 j - a +2 pair of gloves (worn)
 m - a +0 troll leather armour
 A - the +5 scale mail "Zequim" {rF+ Int+2}
   (You found it on level 8 of the Dungeon)

   It affects your intelligence (+2).
   It protects you from fire.
 I - a scarf of resistance (worn)
 J - a +2 hat (worn)
 P - a +2 leather armour of poison resistance (worn)
 R - a +0 helmet
Magical Staves
 q - a staff of conjuration
Jewellery
 i - a ring of protection from cold
 x - an amulet of magic regeneration (around neck)
 C - a +4 ring of protection (left hand)
 H - a ring of fire
 U - a +4 ring of protection (right hand)
 V - a ring of magical power
Wands
 h - a wand of mindburst (20)
 k - a wand of charming (16)
 y - a wand of flame (62)
 D - a wand of paralysis (23)
 T - a wand of random effects (9)
 Z - a wand of digging (1)
Scrolls
 a - 3 scrolls of fog
 d - 5 scrolls of teleportation
 v - a scroll of torment
 F - a scroll of silence
 G - a scroll of noise
 K - a scroll of brand weapon
 L - a scroll of holy word
 O - a scroll of magic mapping
Potions
 c - 2 potions of haste
 f - a potion of brilliance
 g - 3 potions of mutation
 l - a potion of ambrosia
 o - a potion of magic
 s - 3 potions of might
 u - 4 potions of flight
 z - a potion of berserk rage
 E - 3 potions of attraction
 Q - 3 potions of cancellation
Miscellaneous
 M - a condenser vane
 S - a phial of floods


   Skills:
 + Level 9.6 Fighting
 - Level 10.0 Short Blades
 - Level 5.9 Armour
 - Level 4.3 Dodging
 - Level 6.0 Stealth
 - Level 8.0 Spellcasting
 - Level 4.5 Conjurations
 - Level 7.9 Hexes
 + Level 3.7 Summonings
 - Level 7.0 Transmutations
 + Level 3.8 Ice Magic
 - Level 5.0 Air Magic
 - Level 9.8 Earth Magic
 - Level 5.0 Poison Magic
 + Level 9.1 Invocations
 - Level 5.0 Evocations


You couldn't memorise any spells.
You knew the following spells:

 Your Spells              Type           Power      Damage    Failure   Level
a - Sandblast             Erth           98%        2d20      1%          1
b - Passwall              Tmut/Erth      35%        N/A       1%          2
c - Stone Arrow           Conj/Erth      76%        3d11      1%          3
d - Petrify               Tmut/Erth      43%        N/A       3%          4
e - Mephitic Cloud        Conj/Pois/Air  28%        N/A       4%          3
f - Lee's Rapid Deconstr  Erth           24%        3d14*     4%          5
g - Poisonous Vapours     Pois/Air       58%        N/A       1%          2
h - Corona                Hex            45%        N/A       1%          1
i - Yara's Violent Unrav  Hex/Tmut       19%        3d9       13%         5
j - Summon Ice Beast      Ice/Summ       24%        N/A       22%         4

Your spell library contained the following spells:

 Spells                   Type           Power      Damage    Failure   Level
 Magic Dart               Conj           100%       1d8       1%          1
 Summon Small Mammal      Summ           96%        N/A       2%          1
 Searing Ray              Conj           54%        3d5       2%          2
 Dazzling Flash           Conj/Hex       68%        N/A       2%          3
 Summon Guardian Golem    Hex/Summ       33%        N/A       2%          3
 Call Imp                 Summ           24%        N/A       3%          2
 Cause Fear               Hex            20%        N/A       3%          4
 Corpse Rot               Necr/Air       N/A        N/A       5%          2
 Call Canine Familiar     Summ           24%        N/A       6%          3
 Fulminant Prism          Conj/Hex       17%        3d11      8%          4
 Animate Skeleton         Necr           16%        N/A       10%         1
 Apportation              Tloc           16%        N/A       10%         1
 Pain                     Necr           32%        1d5       10%         1
 Conjure Flame            Conj/Fire      18%        6-21      12%         3
 Sublimation of Blood     Necr           4%         N/A       16%         2
 Summon Lightning Spire   Summ/Air       26%        N/A       17%         4
 Silence                  Hex/Air        17%        N/A       21%         5
 Vampiric Draining        Necr           4%         2d6       30%         3
 Iskenderun's Mystic Bla  Conj/Tloc      18%        2d6       36%         4
 Animate Dead             Necr           4%         N/A       69%         4
 Dispel Undead            Necr           8%         3d8       69%         4
 Freezing Cloud           Conj/Ice/Air   13%        6-21      94%         6
 Agony                    Necr           8%         N/A       95%         5
 Excruciating Wounds      Necr           4%         N/A       95%         5
 Discord                  Hex            20%        N/A       100%        8


Dungeon Overview and Level Annotations

Branches:
Dungeon (14/15)            Temple (1/1) D:4            Lair (6/6) D:11
  Swamp (1/4) Lair:4       Spider (0/4) Lair:3        Slime (0/5) Lair:5
    Orc (2/2) D:12            Elf (0/3) Orc:2
 Vaults: D:13-14

Altars:
Ashenzari
Cheibriados
Dithmenos
Fedhas
Gozag
Hepliaklqana
Nemelex Xobeh
Okawaru
Qazlal
Ru
Trog
Vehumet
Xom
Yredelemnul
The Shining One
Beogh
Jiyva

Shops:
Orc:2 !!(*:

Annotations:
D:4 1 runed translucent door, Dittersdorf's ghost, amateur GrFi


Message History

The orange demon disappears in a puff of smoke!
The blast of metal fragments hits the boulder beetle but does no damage.
The boulder beetle is lightly wounded.
The yaktaur hits you.
The boulder beetle stops rolling and uncurls.
The kobold hits you but does no damage. The yaktaur completely misses you.
Unknown command.
You hit the kobold.
The kobold is severely wounded.
The yaktaur hits you.
Unknown command.
The yaktaur wields a +0 arbalest.
The yaktaur shoots a bolt.
The bolt hits you but does no damage. The yaktaur misses you.
Casting: Lee's Rapid Deconstruction (dangerous; 4% risk of failure)
Confirm with . or Enter, or press ? or * to list all spells.
Aiming: Lee's Rapid Deconstruction (dangerous; 4% risk of failure)
Press: ? - help, Dir - move target A metal wall.
Okay, then.
Casting: Lee's Rapid Deconstruction (dangerous; 4% risk of failure)
Confirm with . or Enter, or press ? or * to list all spells.
Aiming: Petrify (mildly dangerous; 3% risk of failure)
Press: ? - help, Shift-Dir - straight line, f - boulder beetle
Aim: a boulder beetle (lightly wounded, chance to affect: 51%)
The boulder beetle resists with significant effort.
The yaktaur shoots a bolt.
The bolt hits you!! The yaktaur hits you.
Unknown command.
A two-headed ogre comes into view. It is wielding two +0 giant clubs.
Okay, then.
You fade into invisibility!
The boulder beetle bites you!!
* * * LOW HITPOINT WARNING * * *
The yaktaur shoots a bolt.
The bolt closely misses you. The yaktaur misses you.
You are very lightly contaminated with residual magic.
The yaktaur closely misses you.
The yaktaur shoots a bolt.
The bolt hits you!
* * * LOW HITPOINT WARNING * * *
The boulder beetle bites you.
You die...
Fedhas appreciates your contribution to the ecosystem.

##### ##.#######.
#...# #.......... #
##..# #.......... #.
#...###..........
#.. #..###.#######.
.#..# ##)# #.#
...... ###.###.#
.#..#.######)<..<#.#
.......cc..@.##(##.#
.....O.KO.B..##.##.#
.#..#)######.....#.#
. .. #.###.#.# #..
### #...# #. #...# #
......# #####..#
....


You could see a boulder beetle, 2 two-headed ogres, 2 yaktaurs and a kobold.

Vanquished Creatures
  Gastronok (Lair:2)
  Snorg (D:11)
  Josephine (Orc:2)
  2 boulder beetles
  Fannar (Lair:1)
  A centaur warrior (D:13)
  9 hydras
  A merfolk avatar (Lair:6)
  An alligator (Swamp:1)
  A two-headed ogre (D:10)
  4 death yaks
  6 orc high priests (Orc:2)
  Urug (D:10)
  Nergalle (Lair:1)
  2 spriggans (Swamp:1)
  A fire crab (Lair:4)
  A sea snake (Lair:5)
  5 bog bodies
  An orc knight (Orc:2)
  A manticore (Lair:6)
  2 cyclopes
  3 black mambas
  7 elephants
  12 cane toads
  An unseen horror (D:12)
  A kobold demonologist (D:13)
  8 komodo dragons
  7 rime drakes
  2 yaktaurs (D:13)
  4 trolls
  8 polar bears
  A tyrant leech (Swamp:1)
  A wind drake (Lair:6)
  6 hornets
  6 dream sheep (Lair:6)
  30 blink frogs
  4 wraiths
  A shadow (D:10)
  31 yaks
  4 wyverns (Lair:6)
  Grum (Lair:1)
  6 vampire mosquitoes
  8 wargs
  An acid dragon (D:11)
  5 swamp worms
  An ice beast (D:6)
  36 water moccasins
  17 orc warriors
  A sky beast (D:5)
  6 centaurs
  37 wolves
  7 ogres
  A phantom (D:5)
  4 kobold brigands
  8 bullfrogs
  A gnoll sergeant (D:7)
  A scorpion (D:5)
  9 killer bees
  3 howler monkeys
  4 electric eels
  3 centaur zombies
  5 jellies
  A bullfrog zombie (D:5)
  30 orc priests
  2 hounds
  A bullfrog skeleton (D:6)
  3 iguanas (D:6)
  20 orc wizards
  A worker ant (D:6)
  A killer bee zombie (D:6)
  A human simulacrum (D:12)
  2 hound skeletons
  6 gnolls
  3 howler monkey skeletons
  22 adders
  6 river rats (Lair:4)
  A shadow imp (D:3)
  A white imp (D:7)
  3 ufetubi
  An adder zombie (D:5)
  A dart slug (D:2)
  104 orcs
  4 ball pythons
  6 bats
  9 endoplasms
  4 giant cockroaches
  14 goblins
  11 hobgoblins
  4 jackals
  3 quokkas
  5 frilled lizards (D:2)
  25 kobolds
  12 rats
  A ballistomycete spore (Lair:2)
  3 bushes (D:2)
657 creatures vanquished.

Vanquished Creatures (collateral kills)
  A spriggan (Swamp:1)
  28 ballistomycete spores
29 creatures vanquished.

Vanquished Creatures (others)
  An unseen horror (shapeshifter) (D:13)
  A water moccasin (Lair:1)
  An orc priest (D:9)
  2 orc wizards (D:9)
  A human simulacrum (D:12)
  3 orcs (D:9)
  A ballistomycete spore (Lair:2)
  2 bushes (Lair:6)
  99 fungi
  103 plants
214 creatures vanquished.

Grand Total: 900 creatures vanquished

Notes
Turn   | Place    | Note
-------+----------+-------------------------------------------
     0 | D:1      | sizableburger the Human Earth Elementalist began the quest
                  | for the Orb.
     0 | D:1      | Reached XP level 1. HP: 13/13 MP: 3/3
   256 | D:1      | Reached XP level 2. HP: 19/19 MP: 3/5
   496 | D:1      | Learned a level 2 spell: Passwall
   516 | D:1      | Reached skill level 1 in Short Blades
   923 | D:1      | Reached XP level 3. HP: 24/24 MP: 2/6
  1628 | D:2      | Learned a level 3 spell: Stone Arrow
  1751 | D:2      | Reached XP level 4. HP: 14/30 MP: 3/7
  2526 | D:2      | Reached skill level 1 in Conjurations
  2567 | D:2      | Found a sparkling altar of Nemelex Xobeh.
  2599 | D:2      | Reached skill level 2 in Short Blades
  3349 | D:3      | You fall into a shaft and drop 3 floors!
  3533 | D:6      | Reached XP level 5. HP: 30/36 MP: 2/8
  3608 | D:6      | Reached skill level 1 in Fighting
  3749 | D:6      | Noticed a water moccasin
  3755 | D:6      | Killed a water moccasin
  3756 | D:6      | Reached skill level 3 in Short Blades
  3756 | D:6      | Reached XP level 6. HP: 44/44 MP: 3/9
  3991 | D:5      | Entered Level 5 of the Dungeon
  4047 | D:5      | Noticed a sky beast
  4319 | D:5      | Killed a sky beast
  4320 | D:5      | Reached XP level 7. HP: 35/51 MP: 8/10
  4629 | D:4      | Reached skill level 4 in Short Blades
  5758 | D:3      | Learned a level 4 spell: Petrify
  6141 | D:4      | Found a runed translucent door.
  6143 | D:4      | Noticed Dittersdorf's ghost (amateur GrFi)
  6213 | D:4      | Identified the +10 hunting sling of Atsil {venom, +Inv rC+}
  6732 | D:4      | Found a staircase to the Ecumenical Temple.
  7441 | Temple   | Entered the Ecumenical Temple
  7475 | Temple   | Became a worshipper of Fedhas Madash
  7698 | D:5      | Reached skill level 1 in Invocations
  7698 | D:5      | Reached XP level 8. HP: 60/60 MP: 11/11
  8363 | D:6      | Found a basalt altar of Yredelemnul.
  8683 | D:6      | Reached skill level 5 in Short Blades
  9406 | D:6      | Found a hazy altar of Hepliaklqana.
  9754 | D:7      | Reached * piety under Fedhas
  9831 | D:7      | Reached XP level 9. HP: 49/67 MP: 9/13
  9997 | D:7      | Reached skill level 5 in Fighting
 10642 | D:7      | Reached skill level 5 in Earth Magic
 11373 | D:8      | Identified the +5 scale mail "Zequim" {rF+ Int+2}
 11632 | D:8      | Reached skill level 1 in Armour
 11659 | D:8      | Reached ** piety under Fedhas
 11671 | D:8      | Found a sacrificial altar of Ru.
 12261 | D:9      | Noticed a troll
 12274 | D:9      | Killed a troll
 12650 | D:9      | Identified the +7 war axe of Resourcefulness {speed, Will-
                  | Str+7 Dex+3 SInv}
 12661 | D:9      | Reached skill level 1 in Evocations
 12872 | D:9      | Reached skill level 6 in Short Blades
 12892 | D:9      | Reached XP level 10. HP: 64/74 MP: 5/16
 12924 | D:9      | Learned a level 3 spell: Mephitic Cloud
 12970 | D:9      | Found a stormy altar of Qazlal.
 12984 | D:9      | Found a radiant altar of Vehumet.
 13129 | D:9      | Reached skill level 1 in Air Magic
 13129 | D:9      | Reached skill level 1 in Poison Magic
 13454 | D:9      | Reached skill level 5 in Spellcasting
 13665 | D:10     | Entered Level 10 of the Dungeon
 13674 | D:10     | Reached *** piety under Fedhas
 13811 | D:10     | Noticed Urug
 13974 | D:10     | Killed Urug
 13975 | D:10     | Reached XP level 11. HP: 67/80 MP: 8/18
 14091 | D:10     | Learned a level 5 spell: Lee's Rapid Deconstruction
 14174 | D:10     | Noticed a two-headed ogre
 14188 | D:10     | Killed a two-headed ogre
 14301 | D:10     | Reached **** piety under Fedhas
 14867 | D:11     | Noticed a cyclops
 14886 | D:11     | Killed a cyclops
 15066 | D:11     | Noticed Snorg
 15091 | D:11     | Killed Snorg
 15092 | D:11     | Reached skill level 5 in Air Magic
 15092 | D:11     | Reached skill level 5 in Poison Magic
 15092 | D:11     | Reached skill level 5 in Invocations
 15640 | D:11     | Found a staircase to the Lair.
 15824 | D:11     | Reached skill level 5 in Transmutations
 16015 | Lair:1   | Entered Level 1 of the Lair of Beasts
 16020 | Lair:1   | Noticed Grum
 16021 | Lair:1   | Noticed Fannar
 16354 | Lair:1   | Reached XP level 12. HP: 91/91 MP: 16/19
 16497 | Lair:1   | Noticed a six-headed hydra
 16610 | Lair:1   | Killed a six-headed hydra
 16813 | Lair:1   | Reached ***** piety under Fedhas
 16944 | Lair:1   | Killed Grum
 16949 | Lair:1   | Noticed Nergalle
 16964 | Lair:1   | Killed Nergalle
 17440 | Lair:1   | Reached skill level 5 in Evocations
 17746 | Lair:2   | Noticed Gastronok
 17767 | Lair:2   | Killed Gastronok
 17768 | Lair:2   | Reached skill level 5 in Stealth
 18706 | Lair:3   | Reached skill level 7 in Short Blades
 18706 | Lair:3   | Reached XP level 13. HP: 96/96 MP: 22/22
 18711 | Lair:3   | Noticed a five-headed hydra
 18833 | Lair:2   | Killed a five-headed hydra
 19218 | Lair:3   | Found a hole to the Spider Nest.
 19222 | Lair:3   | Learned a level 2 spell: Poisonous Vapours
 19290 | Lair:3   | Noticed a four-headed hydra
 19470 | Lair:3   | Killed a four-headed hydra
 19574 | Lair:3   | Reached skill level 8 in Short Blades
 19629 | Lair:3   | Learned a level 1 spell: Corona
 19744 | Lair:3   | Reached skill level 1 in Hexes
 20238 | Lair:4   | Noticed a boulder beetle
 20274 | Lair:4   | Killed a boulder beetle
 21394 | Lair:4   | Reached skill level 9 in Short Blades
 21397 | Lair:4   | Reached ****** piety under Fedhas
 21489 | Lair:4   | Found a staircase to the Swamp.
 21490 | Lair:4   | Identified the +2 falchion "Holug" {freeze, rF+++ Dex+4}
 21586 | Lair:1   | Killed Fannar
 21587 | Lair:1   | Reached XP level 14. HP: 75/103 MP: 2/24
 22029 | Lair:5   | Learned a level 5 spell: Yara's Violent Unravelling
 22491 | Lair:5   | Found a viscous altar of Jiyva.
 22491 | Lair:5   | Found a staircase to the Slime Pits.
 22530 | Lair:5   | You fall into a shaft and drop 1 floor!
 22530 | Lair:6   | Entered Level 6 of the Lair of Beasts
 22894 | Lair:5   | Reached skill level 5 in Armour
 23348 | Lair:5   | HP: 5/103 [poisoned by a sea snake]
 23376 | Lair:5   | Reached skill level 5 in Hexes
 24275 | Lair:6   | Reached skill level 10 in Short Blades
 26448 | Lair:5   | Reached XP level 15. HP: 67/110 MP: 4/27
 28029 | Lair:6   | Identified the +9 rapier of the Wary Blessings {vorpal,
                  | *Slow rC+ Str+2 Int+3}
 28111 | Swamp:1  | Entered Level 1 of the Swamp
 28411 | D:12     | Found a staircase to the Orcish Mines.
 29026 | D:12     | Found a basalt altar of Yredelemnul.
 29403 | Orc:1    | Entered Level 1 of the Orcish Mines
 29448 | Orc:1    | Learned a level 4 spell: Summon Ice Beast
 29630 | Orc:2    | Entered Level 2 of the Orcish Mines
 30322 | Orc:2    | Found Hyuhilo's Book Emporium.
 30343 | Orc:2    | Reached skill level 1 in Ice Magic
 30438 | Orc:2    | Reached skill level 1 in Summonings
 30501 | Orc:2    | Found Vommouvi's General Store.
 30501 | Orc:2    | Found Xiciph's Weapon Emporium.
 30923 | Orc:2    | Bought a potion of curing for 39 gold pieces
 30923 | Orc:2    | Bought a potion of heal wounds for 65 gold pieces
 31550 | Orc:2    | Found a staircase to the Elven Halls.
 31574 | Orc:2    | Noticed Josephine
 31584 | Orc:2    | Killed Josephine
 31652 | Orc:2    | Found Ybluveos's Distillery.
 31652 | Orc:2    | Found Ucirac's Distillery.
 31659 | Orc:2    | Bought a potion of invisibility for 112 gold pieces
 32933 | D:13     | You fall into a shaft and drop 1 floor!
 33029 | D:13     | HP: 4/115 [yaktaur/bolt (12)]
 33029 | D:13     | Slain by a boulder beetle

Illustrated notes

Levels and vault maps discovered:
D:1:      psy_arrival_radial01, layout_loops_ring, chequers_garden,
          minmay_pentomino_z2
D:2:      layout_basic, minmay_hedge_maze, nemelex_altar_shiori
D:3:      layout_basic
D:4:      corexii_shantytown, layout_cave_pools,
          minmay_temple_entry_enclosed_plants, gammafunk_ghost_grave
D:5:      layout_rooms
D:6:      layout_loops_ring, old_standard_altar, kennysheep_mini_moat,
          nicolae_ossuary_entry_monument
D:7:      layout_loops_ring, serial_glass, glass_columns_b, glass_columns_a,
          glass_columns_b, glass_columns_c, glass_columns_c, item_on_display_b
D:8:      layout_rooms, nicolae_ru_awakened_eye
D:9:      layout_irregular_city, nicolae_qazlal_style_of_elements,
          fiery_altar_vehumet
D:10:     layout_roguey, special_room [special_room_orc],
          minmay_misc_feat_alley, uniq_urug
D:11:     layout_gridville, erik_lair_orcish_takeover, minmay_misc_feat_x,
          uniq_snorg
D:12:     layout_big_octagon, david_orc_2, basic_altar, bh_circular_ruins
D:13:     nrook_guardian_serpent_snake_passage, layout_basic,
          hangedman_vaults_entry_quadrant_bands, uniq_nessos
D:14:     layout_rooms, nicolae_vehumet_radiance, hangedman_weighted_door
Temple:   regret_index_temple_mists
Lair:1:   lemuel_reptile_caves, layout_long_grid, uniq_fannar, uniq_nergalle,
          uniq_grum
Lair:2:   layout_regular_city, serial_bayou_pond_c, uniq_gastronok
Lair:3:   layout_hall_layers, dummy_spider_entry,
          chequers_serial_rivers_large_a, grunt_forest_large_clearings
Lair:4:   layout_cellular_growth, nicolae_swamp_entry_splash_gauntlet,
          kennysheep_abandoned_house, infiniplex_staircase_pool
Lair:5:   layout_cave_pods, slime_altar_1
Lair:6:   gammafunk_lair_ancient_temple, layout_layer_cave
Swamp:1:  layout_basic_swamp, lemuel_altar_in_water
Orc:1:    layout_diamond_mine
Orc:2:    st_orc_town, layout_caves, serial_shops, shop, basic_altar,
          uniq_josephine

Skill      XL: |  1  2  3  4  5  6  7  8  9 10 11 12 13 14 15 |
---------------+----------------------------------------------+-----
Short Blades   | 1 2 3 4 5 6 7 9 10 | 10.0
Conjurations   | 1 2 3 4 |  4.5
Earth Magic    | 4 5 7 8 9 |  9.8
Fighting       | 1 2 3 4 5 7 8 9 |  9.6
Transmutations | 2 3 4 5 7 |  7.0
Invocations    | 1 2 3 5 6 8 9 |  9.1
Spellcasting   | 3 4 5 6 7 8 |  8.0
Dodging        | 3 4 |  4.3
Armour         | 2 4 5 |  5.9
Evocations     | 1 3 5 |  5.0
Air Magic      | 3 5 |  5.0
Poison Magic   | 3 5 |  5.0
Stealth        | 6 |  6.0
Hexes          | 4 7 |  7.9
Ice Magic      | 3 |  3.8
Summonings     | 3 |  3.7

Action                   |  1- 3 |  4- 6 |  7- 9 | 10-12 | 13-15 || total
-------------------------+-------+-------+-------+-------+-------++-------
Melee: Dagger            |    59 |   269 |   535 |   487 |   911 ||  2261
       Unarmed           |     2 |       |       |       |       ||     2
Throw: Dart              |       |    10 |    44 |     5 |     3 ||    62
 Cast: Sandblast         |    33 |    23 |    39 |     2 |    20 ||   117
       Passwall          |     1 |       |     9 |     6 |     1 ||    17
       Stone Arrow       |       |     1 |    26 |    72 |   133 ||   232
       Petrify           |       |       |    10 |    41 |   117 ||   168
       Mephitic Cloud    |       |       |       |    43 |    81 ||   124
       Lee's Rapid Decon |       |       |       |     1 |    12 ||    13
       Poisonous Vapours |       |       |       |       |    45 ||    45
       Corona            |       |       |       |       |     8 ||     8
       Yara's Violent Un |       |       |       |       |     3 ||     3
       Summon Ice Beast  |       |       |       |       |     2 ||     2
Invok: Grow Ballistomyce |       |       |       |     2 |     3 ||     5
       Wall of Briars    |       |       |       |       |     1 ||     1
Evoke: Wand              |       |       |     9 |     3 |    11 ||    23
       Condenser vane    |       |       |       |       |     1 ||     1
  Use: Scroll            |       |     2 |    19 |    10 |    16 ||    47
       Potion            |       |     1 |       |     4 |    11 ||    16
 Stab: Sleeping          |     2 |     5 |    13 |     2 |     4 ||    26
       Distracted        |       |       |     2 |     1 |       ||     3
       Petrified         |       |       |     6 |    24 |    49 ||    79
       Petrifying        |       |       |     2 |     6 |    23 ||    31
       Confused          |       |       |       |    22 |    51 ||    73
       Paralysed         |       |       |       |       |     1 ||     1
Armor: Robe              |    16 |    14 |    80 |       |       ||   110
       Scale mail        |       |       |    40 |       |     4 ||    44
       Troll leather arm |       |       |    10 |   186 |   154 ||   350
       Leather armour    |       |       |    10 |       |   185 ||   195
Dodge: Dodged            |    54 |    56 |   270 |   298 |   597 ||  1275

Table legend: (Time is in decaauts)
 A = Elapsed time spent in this place.
 B = Non-inter-level travel time spent in this place.
 C = Inter-level travel time spent in this place.
 D = Time resting spent in this place.
 E = Time spent auto-exploring this place.
 F = Levels seen in this place.
 G = Mean time per level.
                   A        B        C        D        E       F      G
               +--------+--------+--------+--------+--------+-----+--------+
         Total |  32557 |  29851 |   2706 |  10385 |  11672 |  24 | 1356.5 |
       Dungeon |  17230 |  15995 |   1235 |   4984 |   7183 |  14 | 1230.7 |
        Temple |     87 |     75 |     12 |      0 |     71 |   1 |   87.0 |
          Lair |  12159 |  10816 |   1343 |   3973 |   3665 |   6 | 2026.5 |
         Swamp |    587 |    571 |     16 |    373 |     15 |   1 |  587.0 |
  Orcish Mines |   2493 |   2394 |     99 |   1055 |    737 |   2 | 1246.5 |
               +--------+--------+--------+--------+--------+-----+--------+

Top non-repeatable levels by time:
  Lair:6: 3131 daAuts
  Lair:5: 2901 daAuts
   Orc:2: 2264 daAuts
     D:6: 2093 daAuts
  Lair:1: 1920 daAuts
     D:4: 1791 daAuts
     D:1: 1707 daAuts
  Lair:2: 1567 daAuts
     D:2: 1563 daAuts
     D:7: 1538 daAuts
  Lair:4: 1480 daAuts
     D:9: 1328 daAuts
     D:3: 1257 daAuts
    D:11: 1233 daAuts
    D:10: 1200 daAuts
